 Dungeon Crawl Stone Soup version 0.25-a0-701-gb30f108f01 (webtiles) character file.

Game seed: 955471799860646630, levelgen mode: deterministic

14 Iscandelvey the Skirmisher (level 2, 0/23 HPs)
             Began as a Demonspawn Wanderer on Apr 3, 2020.
             Succumbed to a kobold's poison
             ... on level 1 of the Dungeon.
             The game lasted 00:00:44 (268 turns).

Iscandelvey the Skirmisher (Demonspawn Wanderer)     Turns: 268, Time: 00:00:44

Health: 0/23       AC:  2    Str: 11    XL:     2   Next: 27%
Magic:  3/3        EV: 11    Int: 15    God:
Gold:   0          SH:  0    Dex: 11    Spells: 3/3 levels left

rFire    . . .     SeeInvis .   a - +2 dagger
rCold    . . .     Gourm    .   (no shield)
rNeg     . . .     Faith    .   e - +0 robe
rPois    .         Spirit   .   (no helmet)
rElec    .         Reflect  .   (no cloak)
rCorr    .         Harm     .   (no gloves)
MR       .....                  (no boots)
Stlth    +++.......             (no amulet)
HPRegen  0.07/turn              (no ring)
MPRegen  0.08/turn              (no ring)

@: lethally poisoned (0 -> -11)
A: nightstalker 1
a: no special abilities


You were on level 1 of the Dungeon.
You were not hungry.

You visited 1 branch of the dungeon, and saw 1 of its levels.

Inventory:

Hand Weapons
 a - a +2 dagger (weapon)
 d - a +0 quarterstaff
Missiles
 b - 4 curare-tipped darts (quivered)
Armour
 e - a +0 robe (worn)
Jewellery
 g - an uncursed ring of see invisible {unknown}
Scrolls
 h - a scroll of remove curse {unknown}
Potions
 c - 2 potions of curing
Comestibles
 f - 2 rations


   Skills:
 + Level 2.6 Fighting
 + Level 1.0 Staves
 + Level 1.0 Throwing
 + Level 2.1 Stealth
   Level 1.0 Shields
 + Level 1.0 Spellcasting
   Level 2.0 Hexes


You had 3 spell levels left.
You didn't know any spells.
Your spell library was empty.

Dungeon Overview and Level Annotations

Branches:
Dungeon (1/15)

Altars:


Innate Abilities, Weirdness & Mutations

You are slightly more attuned to the shadows.


Message History

* * * LOW HITPOINT WARNING * * *
You barely miss the ooze.
The ooze is moderately wounded.
The ooze barely misses you.
You hit the ooze but do no damage.
The ooze is moderately wounded.
* * * LOW HITPOINT WARNING * * *
You feel sick. The ooze completely misses you.
You hit the ooze.
The ooze is heavily wounded.
The ooze closely misses you.
You hit the ooze.
You kill the ooze!
The kobold throws a poisoned dart.
The poisoned dart hits you!
You are more poisoned.
* * * LOW HITPOINT WARNING * * *
You feel sick. The kobold hits you with a +0 whip.
* * * LOW HITPOINT WARNING * * *
You closely miss the kobold.
You die...

#....#.....## #.# ##.
#....#####..# #.######## #....#
##.# #......... #....######.#
#.########
#........##.#####.#########
#...(....##.......(.......#
#######.†......###..............#
...............###...............
..............gK@(......(########
.....(..##########..###..#
....(...# ##.# #..# ........# #.#
#..# ........# .# #..# .......g#
.# #..# ........# .. ........# #.
......g..


You could see a hobgoblin and a kobold.

Vanquished Creatures
  An ooze (D:1)
  A leopard gecko (D:1)
  2 hobgoblins (D:1)
  3 bats (D:1)
  A frilled lizard (D:1)
  A kobold (D:1)
9 creatures vanquished.

Notes
Turn   | Place    | Note
-------+----------+-------------------------------------------
     0 | D:1      | Iscandelvey the Demonspawn Wanderer began the quest for the
                  | Orb.
     0 | D:1      | Iscandelvey set off with the following items: a +2 dagger,
                  | 4 curare-tipped darts, a potion of curing, a +0
                  | quarterstaff, a +0 robe, a ration
     0 | D:1      | Reached XP level 1. HP: 16/16 MP: 2/2
   247 | D:1      | Gained mutation: You are slightly more attuned to the
                  | shadows. [demonic ancestry]
   247 | D:1      | Reached XP level 2. HP: 17/23 MP: 3/3
   267 | D:1      | HP: 1/23 [kobold/+0 whip (3)]
   268 | D:1      | Succumbed to a kobold's poison

Levels and vault maps discovered:
D:1:      wander_arrival_peaceful_grave, layout_basic

Skill      XL: |  1 |
---------------+----+-----
Stealth        | 2 |  2.1
Fighting       | |  2.6
Staves         | |  1.0
Throwing       | |  1.0
Shields        | |  1.0
Spellcasting   | |  1.0
Hexes          | |  2.0

Action                   || total
-------------------------++-------
Melee: Dagger            ||    24
Armor: Robe              ||     9
Dodge: Dodged            ||    23

Table legend:
 A = Non-vault XP
 B = Vault XP
 C = Vault XP percentage of total XP
 D = Non-vault monster count
 E = Vault monster count
 F = Vault count percentage of total count
                 A         B        C        D         E       F
            +---------+---------+-------+---------+---------+-------
      Total |      20 |       0 |   0.0 |       9 |       0 |   0.0
            +---------+---------+-------+---------+---------+-------
        D:1 |      20 |       0 |   0.0 |       9 |       0 |   0.0
            +---------+---------+-------+---------+---------+-------
